 Dungeon Crawl Stone Soup version 0.30.0-15-g856e2d3f33 (webtiles) character file.

Game seed: 8144910796582895675

21121 Ijustatesigmund the Fighter (level 12, -3/82 (84) HPs)
             Began as a Gargoyle Fighter on May 19, 2023.
             Was a Believer of the Shining One.
             Killed from afar by a tengu reaver (19 damage)
             ... with a bolt of acid
             ... on level 13 of the Dungeon.
             The game lasted 00:30:17 (17221 turns).

Ijustatesigmund the Fighter (Gargoyle Fighter)     Turns: 17221, Time: 00:30:18

HP:   -3/82 (84)    AC: 22    Str: 23    XL:     12   Next: 86%
MP:   15/18         EV: 11    Int: 16    God:    the Shining One [**....]
Gold: 905           SH: 20    Dex:  9    Spells: 11/11 levels left

rFire   . . .        a - +4 flail (freeze)
rCold   + . .        c - +2 kite shield
rNeg    + + .        b - +0 acid dragon scales
rPois   ∞            u - +1 helmet
rElec   +            (no cloak)
rCorr   +            (no gloves)
SInv    .            (no boots)
Will    .....        (no amulet)
Stlth   +            y - +4 ring of protection
HPRegen 0.33/turn    v - ring of Fovesut {rC+ rCorr Str+2 Int+3}
MPRegen 0.16/turn

%: no passive effects
@: divinely shielded, glowing, lightly drained
A: sickness immunity, AC +8, negative energy resistance 1, electricity
resistance, torment resistance 1, petrification resistance
a: Renounce Religion, Divine Shield


You were on level 13 of the Dungeon.
You worshipped the Shining One.
The Shining One was pleased with you.
You visited 2 branches of the dungeon, and saw 14 of its levels.

You collected 905 gold pieces.

Inventory:

Hand Weapons
 a - a +4 flail of freezing (weapon)
 E - a +5 mace
Armour
 b - +0 acid dragon scales (worn)
 c - a +2 kite shield (worn)
 u - a +1 helmet (worn)
Magical Staves
 m - a staff of fire
Jewellery
 i - the ring of Modesty {Ice Dex+2}
   (You took it off a yaktaur on level 11 of the Dungeon)

   [ring of ice]

   It enhances your ice magic.
   Dex:       It affects your dexterity (+2).
   rF:        It makes you vulnerable to fire.
   rC:        It protects you from cold.
 v - the ring of Fovesut (right hand) {rC+ rCorr Str+2 Int+3}
   (You took it off an orc priest on level 11 of the Dungeon)

   [ring of resist corrosion]

   Str:       It affects your strength (+2).
   Int:       It affects your intelligence (+3).
   rC:        It protects you from cold.
   rCorr:     It protects you from acid and corrosion.
 y - a +4 ring of protection (left hand)
 F - the ring of Tivobbelu {rN++ MP+9 Str+3}
   (You found it on level 11 of the Dungeon)

   [ring of magical power]

   Str:       It affects your strength (+3).
   rN:        It greatly protects you from negative energy.
   MP:        It affects your magic capacity (+9).
Wands
 p - a wand of flame (27)
 s - a wand of charming (2)
 z - a wand of digging (2)
Scrolls
 d - a scroll of amnesia
 f - a scroll of fear
 g - a scroll of immolation
 h - a scroll of fog
 j - a scroll of poison
 q - a scroll of identify
 w - a scroll of silence
 x - a scroll of enchant armour
 A - a scroll of brand weapon
Potions
 e - 3 potions of cancellation
 k - a potion of flight {unknown}
 l - 2 potions of mutation
 n - a potion of curing
 o - 3 potions of lignification
 r - a potion of attraction {unknown}
 t - 2 potions of brilliance


   Skills:
 + Level 13.2 Fighting
 + Level 12.0 Maces & Flails
 + Level 6.1 Armour
 + Level 3.6 Dodging
 + Level 7.0 Shields
 + Level 9.1 Invocations
 - Level 4.5 Evocations


You had 11 spell levels left.
You didn't know any spells.
Your spell library contained the following spells:

 Spells                   Type           Power      Damage    Failure   Level
 Kiss of Death            Conj/Necr      0%         2d5       52%         1
 Sandblast                Erth           0%         2d4       52%         1
 Shock                    Conj/Air       0%         1d3       52%         1
 Blink                    Tloc           0%         N/A       67%         2
 Lesser Beckoning         Tloc           0%         N/A       67%         2
 Momentum Strike          Conj/Tloc      0%         3d8       67%         2
 Passwall                 Tmut/Erth      0%         N/A       67%         2
 Poisonous Vapours        Pois/Air       0%         N/A       67%         2
 Confusing Touch          Hex            0%         N/A       88%         3
 Inner Flame              Hex/Fire       0%         N/A       88%         3
 Mephitic Cloud           Conj/Pois/Air  0%         N/A       88%         3
 Stone Arrow              Conj/Erth      0%         3d7       88%         3
 Swiftness                Air            0%         N/A       88%         3
 Tukima's Dance           Hex            0%         N/A       88%         3
 Vhi's Electric Charge    Tloc/Air       0%         N/A       88%         3
 Airstrike                Air            0%         2d(0-16)  99%         4
 Cause Fear               Hex            0%         N/A       99%         4
 Dispel Undead            Necr           0%         3d6       99%         4
 Flame Wave               Conj/Fire      0%         2d4       99%         4
 Passage of Golubria      Tloc           0%         N/A       99%         4
 Petrify                  Tmut/Erth      0%         N/A       99%         4
 Sticky Flame             Conj/Fire      0%         2d3       99%         4
 Arcjolt                  Conj/Air       0%         1d10      100%        5
 Freezing Cloud           Conj/Ice/Air   0%         6-21      100%        5
 Metabolic Englaciation   Hex/Ice        0%         N/A       100%        5
 Silence                  Hex/Air        0%         N/A       100%        5
 Yara's Violent Unravell  Hex/Tmut       0%         3d3       100%        5
 Conjure Ball Lightning   Conj/Air       0%         3x3d6     100%        6
 Dragon Form              Tmut           0%         N/A       100%        7
 Dragon's Call            Summ           0%         N/A       100%        9
 Statue Form              Tmut/Erth      Unusable   N/A       N/A         6

Dungeon Overview and Level Annotations

Branches:
Dungeon (13/15)            Temple (1/1) D:6            Lair (0/5) D:9
    Orc (0/2) D:9
 Vaults: D:13-14

Altars:
Ashenzari
Cheibriados
Dithmenos
Elyvilon
Fedhas
Gozag
Hepliaklqana
Kikubaaqudgha
Makhleb
Nemelex Xobeh
Okawaru
Qazlal
Ru
Sif Muna
Trog
Uskayaw
Vehumet
Wu Jian
Xom
Yredelemnul
Zin
The Shining One

Shops:
D:1 (   D:12 (


Innate Abilities, Weirdness & Mutations

You are immune to sickness and miasma.
Your stone body is resilient. (AC +8)
You are immune to poison.
You resist negative energy. (rN+)
You are resistant to electric shocks. (rElec)
You are resistant to unholy torment.
You are immune to petrification.


Message History

The tengu reaver pecks you.
The tengu reaver claws you but does no damage.
You closely miss the tengu reaver.
The tengu reaver is moderately wounded.
Your deep elf pyromancer closely misses the tengu reaver.
The tengu reaver hits you with a +0 battleaxe.
The tengu reaver hits your deep elf pyromancer with a +0 battleaxe.
The tengu reaver pecks you but does no damage.
The tengu reaver claws you but does no damage.
You hit the tengu reaver. You freeze the tengu reaver.
The tengu reaver is moderately wounded.
Your deep elf pyromancer closely misses the tengu reaver.
The tengu reaver hits you with a +0 battleaxe!
* * * LOW HITPOINT WARNING * * *
The tengu reaver hits your deep elf pyromancer with a +0 battleaxe!
The tengu reaver pecks you.
* * * LOW HITPOINT WARNING * * *
The tengu reaver misses you.
You feel better.
Your deep elf pyromancer casts a spell at the tengu reaver.
The bolt of fire hits the tengu reaver!!
The tengu reaver closely misses your deep elf pyromancer.
The tengu reaver hits you with a +0 battleaxe!
* * * LOW HITPOINT WARNING * * *
The tengu reaver pecks your deep elf pyromancer.
The tengu reaver claws your deep elf pyromancer.
Your deep elf pyromancer dies!
The tengu reaver shouts!
Okay, then.
Aiming: Charm
Press: ? - help, Shift-Dir - straight line, f/p - tengu reaver
Aim: a tengu reaver, wielding a +0 battleaxe and wearing a +0 ring mail (heavily wounded, haloed, chance to affect: 26%)
Okay, then.
Your shield is strengthened by the Shining One's divine power.
The tengu reaver drinks a potion.
The tengu reaver is healed!
You closely miss the tengu reaver.
The tengu reaver is heavily wounded.
The tengu reaver casts a spell at you. The bolt of acid hits you!! You resist.
You die...

#.... ..........# #. ##....# #...
........... #. #.....# #...
..o...#'#...#. #.....# #..#
......#.'...#'####.....# #..#
...... #..............# #..# ...#
#..............# #..# ...#
#..............# #..# ..#
#....<.Q@......#####..### ..#
#.......)..........††.... ..#
#................###..... ..#
#...........###'##.#..... ..#
#...........#......#..... ..#
#...........#......#....)
..#######...........#......#.....
....................#......#.....
................#'#.#'###..#.....


You could see a tengu reaver.

Vanquished Creatures
  A hydra (D:11)
  A tengu warrior (D:13)
  2 two-headed ogres (D:11)
  2 boulder beetles (D:11)
  2 deep elf pyromancers
  An orc knight (D:13)
  An ugly thing (D:12)
  2 manticores
  3 cyclopes
  3 gargoyles
  A molten gargoyle (D:13)
  An unseen horror (D:11)
  A kobold demonologist (D:11)
  A yaktaur (D:11)
  An efreet (D:13)
  5 trolls
  Sigmund (D:4)
  A centaur simulacrum (D:11)
  A wraith (D:13)
  2 wyverns
  13 yaks
  2 basilisks
  4 humans (D:6)
  A basilisk (shapeshifter) (D:13)
  6 vampire mosquitoes
  A warg (D:13)
  A steam dragon (D:8)
  3 acid dragons
  A water moccasin (D:8)
  9 orc warriors
  4 black bears
  A boggart (shapeshifter) (D:11)
  2 ogres
  8 centaurs
  3 bullfrogs (D:7)
  A scorpion (D:5)
  A gnoll sergeant (D:5)
  14 wights
  10 killer bees
  2 howler monkeys (D:10)
  A lava snake (D:13)
  3 hounds
  9 orc priests
  3 jellies
  A gnoll bouda (D:3)
  3 sleepcaps
  Ijyb (D:3)
  4 iguanas
  11 orc wizards
  7 adders
  10 gnolls
  A white imp (D:6)
  2 ufetubi
  2 dart slugs
  24 orcs
  4 endoplasms
  5 giant cockroaches
  8 goblins
  7 hobgoblins
  A jackal (D:5)
  7 kobolds
  4 quokkas
  5 ball pythons
  2 bats
  5 frilled lizards
  5 rats
255 creatures vanquished.

Vanquished Creatures (collateral kills)
  Nessos (D:13)
  A killer bee (D:9)
  An orc priest (D:10)
3 creatures vanquished.

Vanquished Creatures (others)
  A deep elf pyromancer (D:13)
  A yak (D:10)
  2 humans (D:6)
  3 vampire mosquitoes (D:13)
  A killer bee (D:7)
  A hound (D:7)
  An orc (D:9)
10 creatures vanquished.

Grand Total: 268 creatures vanquished

Notes
Turn   | Place    | Note
-------+----------+-------------------------------------------
     0 | D:1      | Ijustatesigmund the Gargoyle Fighter began the quest for
                  | the Orb.
     0 | D:1      | Reached XP level 1. HP: 14/14 MP: 1/1
    15 | D:1      | Found Uboiduxy's Antique Weapon Shop.
   128 | D:1      | Reached XP level 2. HP: 19/19 MP: 2/2
   549 | D:1      | Reached XP level 3. HP: 24/24 MP: 3/3
   561 | D:1      | Reached skill level 4 in Fighting
   923 | D:2      | You fall into a shaft and drop 1 floor!
  1064 | D:2      | Identified the +6 spear of Grandeur {drain, Dex+3}
  1418 | D:2      | Reached XP level 4. HP: 30/30 MP: 4/4
  1731 | D:3      | Got the Incunable of Thunder
  1949 | D:3      | Noticed Ijyb
  2144 | D:3      | Reached XP level 5. HP: 30/34 MP: 5/5
  2185 | D:3      | Killed Ijyb
  2329 | D:3      | Found a broken altar of Ashenzari.
  2437 | D:3      | Found a faded altar of an unknown god.
  2636 | D:3      | Found a stormy altar of Qazlal.
  2636 | D:3      | Found a shimmering altar of Xom.
  2703 | D:3      | Found a radiant altar of Vehumet.
  2703 | D:3      | Found a bloodstained altar of Trog.
  2709 | D:3      | Reached skill level 5 in Fighting
  2806 | D:4      | Noticed Sigmund
  2813 | D:4      | Killed Sigmund
  2814 | D:4      | Reached XP level 6. HP: 32/40 MP: 6/6
  3274 | D:3      | Reached XP level 7. HP: 45/45 MP: 7/7
  3382 | D:4      | Reached skill level 1 in Dodging
  4025 | D:5      | Entered Level 5 of the Dungeon
  4241 | D:5      | Reached skill level 6 in Fighting
  4257 | D:5      | Reached skill level 5 in Maces & Flails
  4600 | D:5      | Reached XP level 8. HP: 41/52 MP: 8/8
  5264 | D:6      | Found an ancient bone altar of Kikubaaqudgha.
  5355 | D:5      | Reached skill level 7 in Fighting
  5600 | D:6      | Found a staircase to the Ecumenical Temple.
  5781 | D:6      | Reached skill level 5 in Shields
  6198 | D:6      | Reached XP level 9. HP: 48/59 MP: 9/9
  6248 | D:6      | Reached skill level 8 in Fighting
  6524 | D:6      | Reached skill level 1 in Evocations
  7258 | D:7      | Reached skill level 9 in Fighting
  7825 | D:8      | Noticed a troll
  7830 | D:8      | Killed a troll
  8284 | D:8      | Reached XP level 10. HP: 56/66 MP: 10/10
  8804 | D:8      | Found an iron altar of Okawaru.
  9535 | Temple   | Entered the Ecumenical Temple
  9822 | Temple   | Became a worshipper of the Shining One
  9925 | D:9      | Found a staircase to the Lair.
 10068 | D:9      | Reached skill level 10 in Fighting
 10073 | D:9      | Reached skill level 1 in Invocations
 10226 | D:9      | Found a staircase to the Orcish Mines.
 10284 | D:9      | Found an ornate altar of the Wu Jian Council.
 10752 | D:9      | Reached * piety under the Shining One
 11684 | D:10     | Entered Level 10 of the Dungeon
 11747 | D:10     | Noticed a gargoyle
 11755 | D:10     | Killed a gargoyle
 11756 | D:10     | Reached skill level 11 in Fighting
 11837 | D:10     | Reached XP level 11. HP: 74/74 MP: 14/14
 11939 | D:10     | Reached skill level 10 in Maces & Flails
 11939 | D:10     | Reached skill level 5 in Invocations
 12154 | D:10     | Found a hide-covered altar of Uskayaw.
 12477 | D:10     | Reached ** piety under the Shining One
 12566 | D:11     | Noticed a two-headed ogre
 12577 | D:11     | Killed a two-headed ogre
 12621 | D:11     | Noticed a four-headed hydra
 12632 | D:11     | Noticed a cyclops
 12634 | D:11     | Killed a four-headed hydra
 12644 | D:11     | Identified the amulet of Fuguz {Reflect Int+4 SH+5}
 12644 | D:11     | Noticed a skeletal warrior
 12645 | D:11     | Noticed a cyclops
 12659 | D:12     | Noticed a cyclops
 12667 | D:12     | Killed a cyclops
 12668 | D:12     | Reached skill level 12 in Fighting
 12763 | D:12     | Found Xisyiq's Weapon Shop.
 12992 | D:11     | Noticed a deep elf pyromancer
 13055 | D:11     | Noticed a manticore
 13069 | D:11     | Killed a manticore
 13354 | D:11     | Identified the ring of Modesty {Ice Dex+2}
 13364 | D:11     | Killed a cyclops
 13374 | D:11     | Reached XP level 12. HP: 51/82 MP: 17/17
 13511 | D:11     | Noticed a boulder beetle
 13519 | D:11     | Killed a boulder beetle
 13721 | D:11     | Identified the ring of Fovesut {rC+ rCorr Str+2 Int+3}
 13765 | D:11     | Identified the ring of Tivobbelu {rN++ MP+9 Str+3}
 14093 | D:11     | Noticed a boulder beetle
 14119 | D:11     | Killed a boulder beetle
 14120 | D:11     | Reached skill level 5 in Armour
 14718 | D:11     | Noticed a two-headed ogre
 14727 | D:11     | Killed a two-headed ogre
 15510 | D:12     | Reached skill level 13 in Fighting
 16586 | D:13     | Noticed a tengu reaver
 16981 | D:13     | Noticed a tengu warrior
 17004 | D:13     | Killed a tengu warrior
 17158 | D:13     | Noticed Nessos
 17192 | D:13     | Noticed a centaur warrior
 17194 | D:13     | Killed Nessos
 17221 | D:13     | Killed from afar by a tengu reaver

Illustrated notes

Levels and vault maps discovered:
D:1:      wander_arrival_desolate, layout_basic, serial_shops, shop
D:2:      layout_basic, kennysheep_generic_room_11
D:3:      layout_basic, lemuel_crystal_altar, gammafunk_temple_overflow_wave,
          amethyst_overflow_temple_binary,
          shapermc_ecumenical_altar_mp_ritualfount, minmay_between, uniq_ijyb
D:4:      layout_cave_pods, serial_rivers, chequers_serial_rivers_small_b,
          chequers_serial_rivers_room_b, chequers_serial_rivers_micro_a,
          chequers_serial_rivers_micro_e, chequers_serial_rivers_small_b,
          roderic_cross_of_infinity, uniq_sigmund
D:5:      black_bear_nest_2, layout_basic,
          nicolae_concentric_dashed_squares_mild, st_stairs_3
D:6:      layout_loops_ring, mainiacjoe_overflow_catwalk,
          minmay_temple_entry_statues_fountains, minmay_ruffians
D:7:      layout_cave_pools
D:8:      layout_layer_cave, mainiacjoe_overflow_alcove_4
D:9:      layout_loops_corners, nicolae_overflow_crystal_walls,
          lair_entry_dummy, david_orc_4
D:10:     layout_rooms, eat_drink_and_be_merry_uskayaw
D:11:     minmay_the_grid_triangle_9x9_recursive_2_mashed
          [minmay_the_grid_triangle_9x9_prize_special,
          minmay_the_grid_triangle_9x9_longest,
          minmay_the_grid_triangle_9x9_flanged_cone,
          minmay_the_grid_triangle_9x9_dagger], layout_stronghold
D:12:     layout_stronghold, serial_shops, nicolae_take_the_stairs
D:13:     layout_irregular_city, david_vaults_4, kennysheep_island_fort,
          uniq_nessos
Temple:   oiseaux_autumnal_temple

Skill      XL: |  1  2  3  4  5  6  7  8  9 10 11 12 |
---------------+-------------------------------------+-----
Fighting       | 4 5 6 7 9 11 12 13 | 13.2
Maces & Flails | 3 4 5 6 8 9 11 12 | 12.0
Armour         | 4 6 |  6.1
Dodging        | 2 3 |  3.6
Shields        | 5 7 |  7.0
Evocations     | 3 4 |  4.5
Invocations    | 4 7 9 |  9.1

Action                     |  1- 3 |  4- 6 |  7- 9 | 10-12 || total
---------------------------+-------+-------+-------+-------++-------
  Melee: Flail             |   115 |     9 |   350 |   647 ||  1121
         Whip              |     8 |    76 |       |       ||    84
  Throw: Dart              |     1 |    13 |     2 |     5 ||    21
         Throwing net      |       |       |     1 |     2 ||     3
 Invoke: Divine Shield     |       |       |       |     8 ||     8
  Evoke: Wand              |       |       |    11 |    32 ||    43
    Use: Scroll            |       |    10 |     4 |    20 ||    34
         Potion            |       |     1 |     5 |    14 ||    20
   Stab: Invisible         |       |       |     1 |       ||     1
 Armour: Scale mail        |    54 |    49 |   265 |    29 ||   397
         Steam dragon scal |       |       |       |   209 ||   209
         Acid dragon scale |       |       |       |    82 ||    82
  Dodge: Dodged            |    50 |    38 |   183 |   256 ||   527
  Block: Buckler           |    25 |    17 |    16 |       ||    58
         Kite shield       |       |       |   150 |   337 ||   487
